 Dungeon Crawl Stone Soup version 0.27-a0-1232-gc6a4cbde82 (webtiles) character file.

Game seed: 16132846374559249044

4285 senseless the Skirmisher (level 10, -3/79 HPs)
             Began as a Demonspawn Fighter on June 8, 2021.
             Was a Priest of Okawaru.
             Slain by a gnoll
             ... wielding a +0 flail
              (7 damage)
             ... on level 8 of the Dungeon.
             The game lasted 00:29:49 (7417 turns).

senseless the Skirmisher (Demonspawn Fighter)       Turns: 7417, Time: 00:29:50

Health: -3/79      AC: 15    Str: 19    XL:     10   Next: 10%
Magic:  17/18      EV: 10    Int: 10    God:    Okawaru [***...]
Gold:   305        SH: 10    Dex: 13    Spells: 18/19 levels left

rFire    . . .     SeeInvis .   m - +2 hand axe (freeze)
rCold    . . .     Faith    .   c - +0 kite shield
rNeg     . . .     Spirit   .   g - +3 ring mail {rPois}
rPois    +         Reflect  .   (helmet restricted)
rElec    .         Harm     .   (no cloak)
rCorr    .         Rampage  .   h - +0 pair of gloves
Will     .....                  A - +0 pair of boots
Stlth    +.........             y - amulet of regeneration
HPRegen  1.23/turn              i - ring of poison resistance
MPRegen  0.16/turn              (no ring)

@: studying Spellcasting
A: horns 2, icy blue scales 2, foul stench 3, powered by pain 1
a: Renounce Religion, Heroism


You were on level 8 of the Dungeon.
You worshipped Okawaru.
Okawaru was most pleased with you.
You visited 2 branches of the dungeon, and saw 9 of its levels.

You collected 305 gold pieces.

Inventory:

Hand Weapons
 b - a +2 dagger of protection
 f - a +3 mace
 m - a +2 hand axe of freezing (weapon)
 n - a +2 trident of venom
 p - a +2 whip of electrocution
 u - a +3 falchion
 x - a +2 trident
Missiles
 l - 25 poisoned darts (quivered)
 r - 4 datura-tipped darts
Armour
 c - a +0 kite shield (worn)
 g - a +3 ring mail of poison resistance (worn)
 h - a +0 pair of gloves (worn)
 A - a +0 pair of boots (worn)
Jewellery
 d - a ring of fire
 i - a ring of poison resistance (left hand)
 y - an amulet of regeneration (around neck)
Wands
 q - a wand of mindburst (36)
 s - a wand of charming (8)
 t - a wand of iceblast (16)
Potions
 a - a potion of degeneration {unknown}
 e - a potion of cancellation
 j - a potion of flight {unknown}
 k - a potion of mutation
 o - 3 potions of curing
 v - a potion of might
 z - a potion of haste


   Skills:
 * Level 7.0 Fighting
 * Level 6.0 Axes
 + Level 3.6 Throwing
 * Level 6.4 Armour
 + Level 3.7 Dodging
 * Level 6.4 Shields
 + Level 5.3 Spellcasting


You had 18 spell levels left.
You knew the following spells:

 Your Spells              Type           Power      Damage    Failure   Level
a - Magic Dart            Conj           8%         1d3       71%         1

Your spell library contained the following spells:

 Spells                   Type           Power      Damage    Failure   Level
 Animate Skeleton         Necr           4%         N/A       71%         1
 Beastly Appendage        Tmut           4%         N/A       71%         1
 Pain                     Necr           8%         1d4       71%         1
 Summon Small Mammal      Summ           8%         N/A       71%         1
 Call Imp                 Summ           2%         N/A       85%         2
 Searing Ray              Conj           4%         3d3       85%         2
 Wereblood                Tmut           2%         N/A       85%         2
 Call Canine Familiar     Summ           2%         N/A       97%         3
 Dazzling Flash           Conj/Hex       4%         N/A       97%         3
 Spider Form              Tmut/Pois      1%         N/A       97%         3
 Summon Guardian Golem    Hex/Summ       2%         N/A       97%         3
 Vampiric Draining        Necr           1%         2d6       97%         3
 Animate Dead             Necr           1%         N/A       100%        4
 Fulminant Prism          Conj/Hex       1%         3d6       100%        4
 Ice Form                 Ice/Tmut       2%         N/A       100%        4
 Iskenderun's Mystic Bla  Conj/Tloc      2%         2d3       100%        4
 Summon Ice Beast         Ice/Summ       2%         N/A       100%        4
 Summon Lightning Spire   Summ/Air       2%         N/A       100%        4
 Agony                    Necr           2%         N/A       100%        5
 Bolt of Magma            Conj/Fire/Erth 1%         4d4       100%        5
 Hydra Form               Tmut           1%         N/A       100%        5
 Iskenderun's Battlesphe  Conj           2%         2d6       100%        5
 Iron Shot                Conj/Erth      1%         9d1       100%        6
 Orb of Destruction       Conj           1%         N/A       100%        7
 Spellforged Servitor     Conj/Summ      1%         N/A       100%        7


Dungeon Overview and Level Annotations

Branches:
Dungeon (8/15)             Temple (1/1) D:5
   Lair: D:8-11

Altars:
Ashenzari
Cheibriados
Elyvilon
Hepliaklqana
Kikubaaqudgha
Nemelex Xobeh
Okawaru
Qazlal
Trog
Vehumet
Wu Jian
Xom
Yredelemnul
Zin
The Shining One

Annotations:
D:6 2 transporters, p0werm0de's ghost, novice DDFi


Innate Abilities, Weirdness & Mutations

You have a pair of horns on your head.
You are mostly covered in icy blue scales. (AC +3)
You frequently emit foul miasma when damaged in melee.
You sometimes gain a little power by taking damage.


Message History

Something hits you but does no damage. Something completely misses you.
You block the gnoll's attack.
You hit something. You headbutt something! You closely miss the gnoll.
You miss something. Your headbutt misses something. You slash the gnoll!
You freeze the gnoll. Something barely misses you.
Something bites you but does no damage. You block the gnoll's attack.
You hit something. You hit the gnoll. You freeze the gnoll.
You kill the gnoll!
Okawaru accepts your kill. Something hits you but does no damage.
Something bites you but does no damage.
You hit something but do no damage. You headbutt something.
You barely miss the gnoll. Something draws life force from you!
* * * LOW HITPOINT WARNING * * *
You block the gnoll's attack.
You barely miss something. Your headbutt misses something. You hit the gnoll.
You freeze the gnoll. Something hits you but does no damage.
You block something's attack.
You hit something but do no damage. You headbutt something.
You barely miss the gnoll. You block the gnoll's attack.
The gnoll closely misses you. Something hits you but does no damage.
Something bites you but does no damage.
You closely miss something. You closely miss the gnoll.
You block the gnoll's attack. The gnoll closely misses you.
You hit something. You headbutt something. You barely miss the gnoll.
Something draws life force from you!
* * * LOW HITPOINT WARNING * * *
The gnoll barely misses you. The gnoll misses you.
Unknown command.
You feel better. Something hits you!
* * * LOW HITPOINT WARNING * * *
You emit a cloud of foul miasma!
Something bites you but does no damage. The gnoll hits you but does no damage.
You block the gnoll's attack.
As you read the scroll of summoning, it crumbles to dust.
Wisps of shadow whirl around you...
You feel like a meek peon again. Something hits you but does no damage.
Something bites you.
* * * LOW HITPOINT WARNING * * *
Something draws strength from your injuries!
The gnoll hits you with a +0 flail!
You die...

#.........####...........
#...........)......#.....
##.................#.....
#######..z..z)..........#.....
......'......z.########.......
#######.[......##### #.......
#.....)#..zY..#...# #.......
#......#....D.#...+ ######.#
#......#.z..@{#...####.≈.....
#......#.####gg....##≈.≈.#≈≈#
#......#+####g....###≈#.#§§#§
#.................#..#.≈≈#≈§≈
#.................#≈##.≈##§#§
#.........[.......#≈#..##^.#.
.......[#+#)....###≈..#.#≈.
.....(..........##.........
............>....##≈#..≈...


You could see 3 gnolls, a friendly steam dragon (summoned, wandering), a
friendly sky beast (summoned) and 5 friendly wights.

Vanquished Creatures
  Pikel (D:7)
  A manticore (D:7)
  A troll (D:7)
  Prince Ribbit (D:6)
  A steam dragon (D:7)
  Menkaure (D:7)
  2 water moccasins (D:7)
  An orc warrior (D:7)
  2 black bears
  A hornet zombie (D:7)
  3 necrophages
  A phantom (D:5)
  2 ogres
  3 lemures (D:7)
  3 gnoll sergeants
  2 bullfrogs
  A wyvern zombie (D:7)
  2 scorpions
  5 killer bees (D:6)
  3 wights (D:8)
  A howler monkey (D:8)
  2 centaur zombies
  A hound (D:7)
  2 jellies
  3 orc priests (D:7)
  A bullfrog skeleton (D:5)
  2 centaur skeletons
  Ijyb (D:4)
  Terence (D:2)
  A gnoll shaman (D:5)
  An iguana (D:5)
  3 orc wizards
  A killer bee zombie (D:7)
  A howler monkey skeleton (D:7)
  6 adders
  18 gnolls
  A shadow imp (D:7)
  2 worms
  3 dart slugs
  21 orcs
  6 ball pythons
  4 bats
  8 endoplasms
  6 giant cockroaches
  7 goblins
  10 hobgoblins
  4 jackals (D:4)
  4 quokkas
  5 frilled lizards
  12 kobolds
  3 rats (D:1)
178 creatures vanquished.

Notes
Turn   | Place    | Note
-------+----------+-------------------------------------------
     0 | D:1      | senseless the Demonspawn Fighter began the quest for the
                  | Orb.
     0 | D:1      | Reached XP level 1. HP: 18/18 MP: 1/1
   516 | D:1      | Gained mutation: You are partially covered in icy blue
                  | scales. (AC +2) [demonic ancestry]
   516 | D:1      | Reached XP level 2. HP: 24/24 MP: 2/2
   980 | D:2      | Identified a scroll of acquirement
   980 | D:2      | Acquired a manual of Spellcasting
   984 | D:2      | Noticed Terence
   993 | D:2      | Gained mutation: You may rarely emit foul miasma when
                  | damaged in melee. [demonic ancestry]
   993 | D:2      | Reached XP level 3. HP: 13/29 MP: 3/3
   994 | D:2      | Killed Terence
  1208 | D:2      | Gained mutation: You sometimes gain a little power by
                  | taking damage. [demonic ancestry]
  1208 | D:2      | Reached XP level 4. HP: 37/37 MP: 4/4
  1277 | D:2      | Found a faded altar of an unknown god.
  1774 | D:3      | Noticed a scorpion
  1779 | D:3      | Killed a scorpion
  1780 | D:3      | Reached skill level 1 in Dodging
  1780 | D:3      | Reached skill level 1 in Spellcasting
  1840 | D:3      | Gained mutation: You sometimes emit foul miasma when
                  | damaged in melee. [demonic ancestry]
  1840 | D:3      | Reached XP level 5. HP: 16/42 MP: 6/6
  3224 | D:4      | Reached skill level 4 in Fighting
  3224 | D:4      | Reached skill level 1 in Throwing
  3321 | D:4      | Noticed Ijyb
  3331 | D:4      | Killed Ijyb
  3384 | D:4      | Found an ornate altar of the Wu Jian Council.
  3489 | D:4      | Reached XP level 6. HP: 48/48 MP: 8/8
  3750 | D:5      | Entered Level 5 of the Dungeon
  4111 | D:5      | Gained mutation: You frequently emit foul miasma when
                  | damaged in melee. [demonic ancestry]
  4111 | D:5      | Reached XP level 7. HP: 55/55 MP: 10/10
  4115 | D:5      | Learned a level 1 spell: Magic Dart
  4600 | D:5      | Found a staircase to the Ecumenical Temple.
  4643 | Temple   | Entered the Ecumenical Temple
  4651 | Temple   | Became a worshipper of Warmaster Okawaru
  4818 | D:5      | Reached skill level 5 in Fighting
  5114 | D:6      | Found a transporter.
  5138 | D:6      | Found a transporter.
  5148 | D:6      | Noticed p0werm0de's ghost (novice DDFi)
  5215 | D:6      | Gained mutation: You have a pair of small horns on your
                  | head. [demonic ancestry]
  5215 | D:6      | Reached XP level 8. HP: 62/62 MP: 12/12
  5943 | D:6      | Reached skill level 5 in Shields
  5969 | D:6      | Reached skill level 5 in Armour
  5989 | D:7      | Noticed Prince Ribbit
  5995 | D:6      | Reached * piety under Okawaru
  6043 | D:6      | Killed Prince Ribbit
  6094 | D:7      | Noticed Menkaure
  6115 | D:7      | Gained mutation: You are mostly covered in icy blue scales.
                  | (AC +3) [demonic ancestry]
  6115 | D:7      | Reached XP level 9. HP: 48/69 MP: 15/15
  6132 | D:7      | Reached skill level 6 in Fighting
  6170 | D:7      | Killed Menkaure
  6170 | D:7      | Reached ** piety under Okawaru
  6171 | D:7      | Reached skill level 5 in Axes
  6318 | D:7      | Found a broken altar of Ashenzari.
  6363 | D:7      | Noticed a troll
  6363 | D:7      | Noticed a manticore
  6363 | D:7      | Noticed Pikel
  6391 | D:7      | Killed a manticore
  6565 | D:7      | Reached *** piety under Okawaru
  6781 | D:7      | Reached skill level 5 in Spellcasting
  6828 | D:7      | Killed Pikel
  6828 | D:7      | Received a gift from Okawaru
  6888 | D:7      | Killed a troll
  6889 | D:7      | Reached skill level 7 in Fighting
  6889 | D:7      | Gained mutation: You have a pair of horns on your head.
                  | [demonic ancestry]
  6889 | D:7      | Reached XP level 10. HP: 59/79 MP: 17/17
  7157 | D:8      | Found a shimmering altar of Xom.
  7415 | D:8      | HP: 1/79 [something (14)]
  7417 | D:8      | Slain by a gnoll

Illustrated notes

Levels and vault maps discovered:
D:1:      lightli_arrival_isolated_outpost, layout_loops_ring,
          minmay_hexomino_c4
D:2:      layout_basic, shapermc_ecumenical_altar_mp_highgroup, basic_altar,
          minivault_23, kennysheep_donut, uniq_terence
D:3:      layout_basic, lemuel_coloured_pillars_altar, grunt_decor_junction,
          grunt_ministairs_2, chequers_serial_rivers_micro_d
D:4:      layout_basic, kennysheep_mini_moat, grunt_ministairs_4,
          kennysheep_generic_room_7, uniq_ijyb
D:5:      layout_basic, minmay_temple_entry_grid
D:6:      layout_loops_ring, gammafunk_ghost_stat_death
D:7:      layout_rooms, kennysheep_mini, grunt_potential, uniq_prince_ribbit1,
          uniq_pikel, uniq_menkaure
D:8:      layout_basic, tgw_xom, minitemple, serial_shops, shop, hex_medium,
          hangedman_decor_push, nzn_life_drinkers, uniq_psyche
Temple:   eino_narrow_crystal_temple

Skill      XL: |  1  2  3  4  5  6  7  8  9 10 |
---------------+-------------------------------+-----
Axes           | 2 3 4 5 6 |  6.0
Armour         | 3 4 5 6 |  6.4
Shields        | 3 4 5 6 |  6.4
Dodging        | 1 2 3 |  3.7
Spellcasting   | 1 2 4 5 |  5.3
Fighting       | 4 5 7 |  7.0
Throwing       | 1 2 3 |  3.6

Action                   |  1- 3 |  4- 6 |  7- 9 | 10-12 || total
-------------------------+-------+-------+-------+-------++-------
Melee: War axe           |    33 |       |       |       ||    33
       Hand axe          |    35 |   202 |   317 |    56 ||   610
       Headbutt          |       |       |    56 |    16 ||    72
Throw: Dart              |       |     8 |    67 |     1 ||    76
Invok: Heroism           |       |       |       |     1 ||     1
Evoke: Wand              |       |       |     4 |       ||     4
  Use: Scroll            |     2 |     7 |     8 |     2 ||    19
       Potion            |     1 |     1 |     2 |     2 ||     6
Armor: Scale mail        |    34 |    32 |       |       ||    66
       Ring mail         |       |    52 |   124 |    35 ||   211
       Leather armour    |       |     6 |       |       ||     6
Dodge: Dodged            |    13 |    58 |   148 |    18 ||   237
Block: Kite shield       |    34 |   109 |   205 |    34 ||   382

Table legend: (Time is in decaauts)
 A = Elapsed time spent in this place.
 B = Non-inter-level travel time spent in this place.
 C = Inter-level travel time spent in this place.
 D = Time resting spent in this place.
 E = Time spent auto-exploring this place.
 F = Levels seen in this place.
 G = Mean time per level.
                   A        B        C        D        E       F      G
               +--------+--------+--------+--------+--------+-----+--------+
         Total |   7646 |   7294 |    352 |    928 |   4619 |   9 |  849.6 |
       Dungeon |   7629 |   7284 |    345 |    928 |   4619 |   8 |  953.6 |
        Temple |     16 |      9 |      7 |      0 |      0 |   1 |   16.0 |
               +--------+--------+--------+--------+--------+-----+--------+

Top non-repeatable levels by time:
     D:3: 1337 daAuts
     D:5: 1234 daAuts
     D:1: 1011 daAuts
     D:6: 1006 daAuts
     D:7: 972 daAuts
     D:4: 885 daAuts
     D:2: 802 daAuts
     D:8: 379 daAuts
  Temple: 16 daAuts
